[Event "Tuesday 17 April Rapid Engine Tour 12+1 Rounds 9 Starts 1600ST"]
[Site "Infinity Chess"]
[Date "2018.4.17"]
[Round "5"]
[White "RonWeasley"]
[Black "ocirema"]
[Result "1/2-1/2"]
[ECO "D30"]
[WhiteElo "2468"]
[BlackElo "2482"]
[WhiteEngine "BrainFish 090218_CTG"]
[BlackEngine "asmFishW_2018-04-11_popcnt_CTG"]
[EventType "Swiss"]
[WhiteTeam ""]
[BlackTeam ""]
[PlyCount "236"]
[TimeControl "720+1"]

1. d4 d5 2. c4 e6 3. Nf3 Nf6 4. Nc3 c6 5. Bg5 h6 6. Bxf6 Qxf6 7. e3 Nd7 
8. Be2 Be7 9. O-O O-O 10. Bd3 Rd8 11. Qe2 g6 12. Rfd1 Qg7 13. Rac1 a6 14. a3 Rb8 
15. b4 Ra8 16. Qc2 dxc4 17. Bxc4 a5 18. Rb1 Qf8 19. Qb3 Nf6 20. e4 b5 21. Be2 h5 
22. Qb2 Ra6 23. Ne1 axb4 24. axb4 Rd7 25. h3 Qd8 26. Nf3 Rda7 27. Ne5 Bb7 
28. Qc1 Ra3 29. Bf3 R7a6 30. g3 Bf8 31. h4 Bg7 32. Bg2 Ra8 33. Kf1 R8a7 
34. Kg1 Ra8 35. Nf3 Bf8 36. Ng5 Be7 37. Ne2 Qb8 38. e5 Nd5 39. Ne4 Kg7 
40. Nc5 Bc8 41. Rb2 Qc7 42. Nd3 Bd7 43. Qd2 Qa7 44. Rbb1 Ra2 45. Qe1 Ra3 
46. Rbc1 Kg8 47. Nc5 Bf8 48. Bh1 Be8 49. Be4 Qe7 50. Kg2 Qa7 51. Rc2 Ra2 
52. Rb1 Bh6 53. Qd1 Ra1 54. Rcb2 Qa3 55. Rxa1 Qxa1 56. Qc2 Nb6 57. Nc3 Nd5 
58. Ne2 Bf8 59. Bf3 Bh6 60. Bxd5 cxd5 61. Nc3 Qc1 62. Qxc1 Bxc1 63. Rc2 Bh6 
64. Ne2 Bf8 65. Nc1 Be7 66. N1b3 Ra3 67. Na5 f6 68. exf6 Bxf6 69. Nxe6 Bd7 
70. Re2 Kf7 71. Nf4 Bxd4 72. Nb7 Bg7 73. Nxd5 Bf8 74. Nd8+ Kg7 75. Ne6+ Kf7 
76. Ng5+ Kg7 77. f3 Bd6 78. Ne4 Bc6 79. Rd2 Bf8 80. Ng5 Rb3 81. Ne6+ Kg8 
82. Rd4 Rb2+ 83. Kh3 Rb3 84. Nf6+ Kf7 85. Nd8+ Kxf6 86. Rf4+ Kg7 87. Ne6+ Kh7 
88. Nxf8+ Kg8 89. Nxg6 Bxf3 90. Ne5 Bb7 91. Nd7 Bf3 92. Ne5 Bb7 93. Rd4 Bc8+ 
94. Kg2 Kg7 95. Kf2 Be6 96. Nd3 Bc4 97. Nf4 Bf7 98. Nd5 Be6 99. Ne3 Kg8 
100. Nd5 Kf7 101. Rf4+ Kg7 102. Nc7 Rb2+ 103. Ke3 Rb3+ 104. Kf2 Rb2+ 
105. Ke3 Rb3+ 106. Kd4 Rxb4+ 107. Ke5 Bc4 108. Ne6+ Kh6 109. Nd4 Ra4 
110. Rf6+ Kh7 111. Rc6 Ra7 112. Nf5 Bd3 113. Rh6+ Kg8 114. Rxh5 b4 115. Rg5+ Kh7 
116. Rh5+ Kg8 117. Rg5+ Kh7 118. Rh5+ Kg8 1/2-1/2

[Event "Tuesday 17 April Rapid Engine Tour 12+1 Rounds 9 Starts 1600ST"]
[Site "Infinity Chess"]
[Date "2018.4.17"]
[Round "5"]
[White "Longin"]
[Black "Seliga"]
[Result "1-0"]
[ECO "C50"]
[WhiteElo "2465"]
[BlackElo "2486"]
[WhiteEngine "Raubfisch ME262_GTZ17b_CTG"]
[BlackEngine "AsmFish@A12_CTG"]
[EventType "Swiss"]
[WhiteTeam ""]
[BlackTeam ""]
[PlyCount "195"]
[TimeControl "720+1"]

1. e4 e5 2. Nf3 Nc6 3. Bc4 Bc5 4. O-O Nf6 5. d3 O-O 6. c3 a5 7. d4 Bb6 
8. dxe5 Ng4 9. Bf4 Qe8 10. Qd5 Ne7 11. Qd2 Ng6 12. Na3 N6xe5 13. Nxe5 Nxe5 
14. Bb5 Qe7 15. Bg5 f6 16. Be3 Bxe3 17. Qxe3 d6 18. f4 Nd7 19. Bc4+ Kh8 
20. Nb5 c6 21. Nc7 Rb8 22. Ne6 Re8 23. Rad1 Nf8 24. Nxf8 Qxf8 25. Bd3 Bg4 
26. Rde1 Be6 27. a4 Qe7 28. c4 b6 29. Qd4 c5 30. Qc3 Bd7 31. Bc2 Bc6 
32. Re3 Rbd8 33. Rfe1 Qd7 34. b3 Qg4 35. g3 Qd7 36. Bd1 Qf7 37. Bf3 Re6 
38. Kf2 g6 39. Qd3 Qg8 40. Kg1 Qf8 41. Bg4 Ree8 42. h4 Kg7 43. h5 g5 44. Rf3 Qe7 
45. Qc3 gxf4 46. h6+ Kg8 47. gxf4 Kh8 48. Kf2 Bd7 49. Bxd7 Rxd7 50. Qe3 Qf7 
51. Rg3 Qh5 52. Rh3 Qf7 53. Rg3 Qh5 54. Rh3 Qf7 55. Qf3 Qe6 56. Rhh1 Rf7 
57. Rhg1 Rfe7 58. Qc3 Rf7 59. f5 Qe7 60. Rg4 Rg8 61. Rxg8+ Kxg8 62. Qg3+ Kh8 
63. Rg1 Qf8 64. Qf4 Qd8 65. Rg4 Qe7 66. Qg3 Qf8 67. Qh2 Rd7 68. Qf4 Qe8 
69. Qg3 Qf8 70. Kf3 Rf7 71. Qh2 Qe7 72. Qd2 Qe5 73. Qd5 Qxd5 74. cxd5 Rc7 
75. Ke3 Rb7 76. Ke2 Rb8 77. Rg7 b5 78. axb5 Rxb5 79. Rd7 Rb8 80. Rxd6 Kg8 
81. Rxf6 Rb4 82. Ke3 Rd4 83. Ra6 Kf7 84. Kf4 Ke7 85. Ke5 Rd1 86. Rxa5 Kd8 
87. Ra7 c4 88. bxc4 Kc8 89. f6 Rg1 90. Rg7 Ra1 91. f7 Rf1 92. d6 Kd8 93. Kd5 Kc8 
94. Kc6 Kb8 95. Rg8+ Ka7 96. f8=Q Rxf8 97. Rxf8 Ka6 98. Ra8# 1-0

[Event "Tuesday 17 April Rapid Engine Tour 12+1 Rounds 9 Starts 1600ST"]
[Site "Infinity Chess"]
[Date "2018.4.17"]
[Round "5"]
[White "Thinker"]
[Black "hafaba"]
[Result "1/2-1/2"]
[ECO "C50"]
[WhiteElo "2452"]
[BlackElo "2474"]
[WhiteEngine "BrainFish_180411_x64_modern_CTG"]
[BlackEngine "Eman 1.70-beta21 64-bit POPCNT_CTG"]
[EventType "Swiss"]
[WhiteTeam ""]
[BlackTeam ""]
[PlyCount "112"]
[TimeControl "720+1"]

1. e4 e5 2. Nf3 Nc6 3. Bc4 Bc5 4. O-O Nf6 5. d3 d6 6. c3 O-O 7. h3 a5 8. Nbd2 h6 
9. Re1 Be6 10. b3 Bb6 11. a4 d5 12. Bb5 Ne7 13. exd5 Nfxd5 14. Qc2 c6 
15. Bc4 Ng6 16. d4 Ndf4 17. dxe5 Nh4 18. Bf1 Bd5 19. Re4 Nfg6 20. Bc4 Re8 
21. g3 Nxf3+ 22. Nxf3 Qd7 23. Bxd5 cxd5 24. Rg4 Qc6 25. Nd4 Bxd4 26. Rxd4 Nxe5 
27. Kg2 Rac8 28. Bf4 Ng6 29. Be3 Nf8 30. Kh2 Ne6 31. Rd3 d4 32. Bxd4 Nxd4 
33. Rxd4 Qxc3 34. Qxc3 Rxc3 35. Rb1 Re2 36. Kg2 Rc6 37. Rf4 Kf8 38. h4 b6 
39. b4 axb4 40. Rbxb4 g6 41. Rbd4 h5 42. Rd7 Re7 43. Rxe7 Kxe7 44. Rb4 Kf6 
45. f3 Ke6 46. Kf2 Ke5 47. Rb5+ Kd4 48. g4 hxg4 49. fxg4 Rc2+ 50. Kf3 Rc4 
51. Rxb6 Rxa4 52. Rf6 Ke5 53. Rxf7 Ra3+ 54. Kg2 Ra2+ 55. Kg3 Ra3+ 56. Rf3 Rxf3+ 
1/2-1/2

[Event "Tuesday 17 April Rapid Engine Tour 12+1 Rounds 9 Starts 1600ST"]
[Site "Infinity Chess"]
[Date "2018.4.17"]
[Round "5"]
[White "CrapCleaner"]
[Black "Mr Aj"]
[Result "1/2-1/2 "]
[ECO "B90"]
[WhiteElo "2491"]
[BlackElo "2453"]
[WhiteEngine "Raubfisch X38b_CTG"]
[BlackEngine "Houdini 6_CTG"]
[EventType "Swiss"]
[WhiteTeam ""]
[BlackTeam ""]
[PlyCount "183"]
[TimeControl "720+1"]

1. e4 c5 2. Nf3 d6 3. d4 cxd4 4. Nxd4 Nf6 5. Nc3 a6 6. Be3 e5 7. Nb3 Be7 
8. Be2 Be6 9. Qd3 O-O 10. O-O Nbd7 11. Nd5 Bxd5 12. exd5 Ne8 13. a4 Rb8 
14. a5 Bg5 15. c4 Rc8 16. Qd2 Bxe3 17. Qxe3 f5 18. Nd2 Qf6 19. b4 Qg6 
20. Rac1 Nef6 21. Rfd1 h6 22. Qg3 Qf7 23. Qh3 Qg6 24. Qg3 Qf7 25. Qh3 Qg6 
26. Nb3 Ne4 27. c5 Ndf6 28. Nd2 Ng5 29. Qb3 f4 30. Nf3 e4 31. Nxg5 Qxg5 
32. f3 Rce8 33. c6 exf3 34. Bxf3 Re3 35. Rc3 Re7 36. Qc4 Ng4 37. Bxg4 Qxg4 
38. Rf3 Qf5 39. h3 Qe5 40. Rb1 Qf5 41. Rd1 Qe5 42. Rb1 Qf5 43. Rc1 Qe5 
44. Rc2 Qa1+ 45. Rf1 Qe5 46. Rf3 Qa1+ 47. Rc1 Qe5 48. Kh1 h5 49. Rcf1 Qe4 
50. Rc3 Qe5 51. Rcf3 Qe4 52. Rc3 Qe5 53. Qd3 Rc7 54. Rc4 Rf5 55. Rd1 f3 
56. gxf3 Qf6 57. Kg2 bxc6 58. dxc6 d5 59. Rc5 Rxc6 60. Rxc6 Rg5+ 61. Kf2 Qxc6 
62. h4 Re5 63. Re1 Rxe1 64. Kxe1 g6 65. Kd2 Kh7 66. Qd4 Qc7 67. f4 Qb7 
68. Qc5 Qg7 69. Kd3 Qb2 70. Qc7+ Kg8 71. Qc3 Qb1+ 72. Kd4 Qe4+ 73. Kc5 Qxf4 
74. b5 axb5 75. a6 Qf8+ 76. Kxb5 Qb8+ 77. Ka4 Qe8+ 78. Ka3 Qe6 79. Qd3 Kh7 
80. Kb4 d4 81. Kc5 Qe5+ 82. Kb4 Qd5 83. Qc4 Qd6+ 84. Kb3 d3 85. Qf7+ Kh6 
86. Qg8 Qf6 87. a7 Qb6+ 88. Kc3 Qxa7 89. Qh8+ Qh7 90. Qxh7+ Kxh7 91. Kxd3 Kg8 
92. Kd2 1/2-1/2

[Event "Tuesday 17 April Rapid Engine Tour 12+1 Rounds 9 Starts 1600ST"]
[Site "Infinity Chess"]
[Date "2018.4.17"]
[Round "5"]
[White "Susanne"]
[Black "Murx"]
[Result "1/2-1/2"]
[ECO "B17"]
[WhiteElo "2537"]
[BlackElo "2517"]
[WhiteEngine "asmFishW_IX_bmi2_CTG"]
[BlackEngine "asmFishW_2018-04-07_popcnt"]
[EventType "Swiss"]
[WhiteTeam ""]
[BlackTeam ""]
[PlyCount "179"]
[TimeControl "720+1"]

1. e4 c6 2. d4 d5 3. Nc3 dxe4 4. Nxe4 Nd7 5. Nf3 Ngf6 6. Nxf6+ exf6 7. Bd3 Bd6 
8. Qe2+ Qe7 9. Be3 O-O 10. O-O Re8 11. Nd2 Nf8 12. Rae1 f5 13. f4 g6 14. c4 Qd8 
15. Qf2 Ne6 16. h3 b6 17. Rd1 Bb7 18. Rfe1 Qd7 19. g3 Rad8 20. Bf1 Nc7 
21. Rc1 Re6 22. Nf3 Bb4 23. Re2 Bf8 24. Ne5 Qc8 25. Ree1 f6 26. Nf3 Bb4 
27. Re2 Bf8 28. a3 Qd7 29. Ree1 a5 30. Qc2 Kg7 31. Kh2 Rde8 32. Bf2 Rxe1 
33. Nxe1 Ne6 34. Qc3 a4 35. Bg2 Rd8 36. Nc2 h5 37. h4 c5 38. d5 Nc7 39. Ne3 Ba6 
40. Nd1 Ne8 41. b4 axb3 42. Qxb3 Rb8 43. Bf1 Bc8 44. a4 Rb7 45. Bd3 Qd8 
46. Nc3 Nd6 47. Re1 Nf7 48. Kg2 Nh6 49. Be2 Nf7 50. Rb1 Nd6 51. Bd3 Kg8 
52. Qc2 Ra7 53. Qb3 Rb7 54. Qd1 Ra7 55. Kh2 Bd7 56. Rb2 Ra6 57. Qb1 Qc7 
58. Ra2 Qa7 59. Be3 Qa8 60. Bc1 Kf7 61. Kg1 Qb7 62. Kg2 Ra8 63. Qc2 Qa6 
64. Ra3 Qc8 65. Nb5 Ne4 66. Bb2 Qd8 67. Ra1 Bxb5 68. axb5 Rxa1 69. Bxa1 Qa8 
70. Bb2 Qa5 71. Qe2 Kg7 72. Bc1 Qc3 73. Bb2 Qa5 74. Bxe4 fxe4 75. Kf2 Qb4 
76. Qc2 Kf7 77. Qc3 Ke8 78. Qxf6 Qd2+ 79. Kg1 Qe3+ 80. Kf1 Qd3+ 81. Ke1 Qxg3+ 
82. Kd1 Qd3+ 83. Ke1 Qe3+ 84. Kd1 Qf3+ 85. Kc1 Qe3+ 86. Kd1 Qd3+ 87. Ke1 Qg3+ 
88. Kd1 Qf3+ 89. Kc1 Qe3+ 90. Kd1 1/2-1/2

[Event "Tuesday 17 April Rapid Engine Tour 12+1 Rounds 9 Starts 1600ST"]
[Site "Infinity Chess"]
[Date "2018.4.17"]
[Round "4"]
[White "MarioDeMonti"]
[Black "Deep_Impact"]
[Result "1/2-1/2"]
[ECO "C55"]
[WhiteElo "2430"]
[BlackElo "2384"]
[WhiteEngine "stockfish_x64_bmi2_2018_02_18_CTG"]
[BlackEngine "BrainFish_180411_x64_bmi2"]
[EventType "Swiss"]
[WhiteTeam ""]
[BlackTeam ""]
[PlyCount "89"]
[TimeControl "720+1"]

1. e4 e5 2. Nf3 Nc6 3. Bc4 Nf6 4. d3 Bc5 5. c3 d6 6. O-O O-O 7. Bg5 h6 8. Bh4 a6 
9. Nbd2 Ba7 10. Bb3 Na5 11. Ba4 Nc6 12. Bc2 g5 13. Bg3 Nh7 14. Kh1 Be6 
15. Nc4 Bxc4 16. dxc4 Ne7 17. b4 Ng6 18. c5 Qe7 19. cxd6 cxd6 20. Bb3 Rac8 
21. Qd3 Rfd8 22. Rac1 b5 23. h3 Nf6 24. Rfe1 Kg7 25. c4 Rc6 26. cxb5 Rxc1 
27. Rxc1 axb5 28. Rc6 Qb7 29. Rxd6 Rxd6 30. Qxd6 Nxe4 31. Bxe5+ f6 32. Qc7+ Qxc7 
33. Bxc7 Nxf2+ 34. Kh2 Ne4 35. g4 Nc3 36. Bg3 Ne4 37. Be1 Nf4 38. Bc2 Nd6 
39. Bd2 Nd5 40. Bb3 Ne3 41. Bc3 Nf1+ 42. Kg2 Ne3+ 43. Kh2 Nf1+ 44. Kg2 Ne3+ 
45. Kh2 1/2-1/2

[Event "Tuesday 17 April Rapid Engine Tour 12+1 Rounds 9 Starts 1600ST"]
[Site "Infinity Chess"]
[Date "2018.4.17"]
[Round "4"]
[White "ludimilojko"]
[Black "SkyPilot"]
[Result "1/2-1/2"]
[ECO "C50"]
[WhiteElo "2298"]
[BlackElo "2479"]
[WhiteEngine "S_XPrO.180318a.64_CTG"]
[BlackEngine "stockfish_x64_bmi2_2018_04_07_CTG"]
[EventType "Swiss"]
[WhiteTeam ""]
[BlackTeam ""]
[PlyCount "140"]
[TimeControl "720+1"]

1. e4 e5 2. Nf3 Nc6 3. Bc4 Bc5 4. d3 Nf6 5. O-O d6 6. c3 O-O 7. h3 a5 8. Nbd2 h6 
9. Re1 Be6 10. Bb5 Qb8 11. Nf1 Qa7 12. Be3 Bxe3 13. Nxe3 Ne7 14. a4 Ng6 
15. Bc4 Bxc4 16. Nxc4 Qa6 17. g3 Rfe8 18. Ne3 Qc6 19. Nh2 Ne7 20. Nf3 Ng6 
21. Qb3 b6 22. Kg2 Qb7 23. Rad1 Nf8 24. Qc2 N8d7 25. Nh4 Nc5 26. f3 Ne6 
27. Nhf5 d5 28. exd5 Nxd5 29. Nxd5 Qxd5 30. h4 h5 31. d4 exd4 32. Nxd4 Nxd4 
33. Rxd4 Qc6 34. Rxe8+ Rxe8 35. Qd3 g6 36. Rc4 Qe6 37. Re4 Qc6 38. Rc4 Qe6 
39. Re4 Qc6 40. Qd4 b5 41. axb5 Qxb5 42. Rxe8+ Qxe8 43. Kf2 Qb5 44. Qd8+ Kh7 
45. Qd2 a4 46. Qe2 Qb6+ 47. Kg2 Qc6 48. Qe3 Kg8 49. Qd4 Qa8 50. Kf2 Qc6 
51. Qd8+ Kg7 52. Qd2 Qb7 53. Qd4+ Kg8 54. Qb4 Qc6 55. f4 Qd7 56. Ke3 c5 
57. Qe4 Qd1 58. Qe8+ Kg7 59. Kf2 Qd2+ 60. Qe2 Qxe2+ 61. Kxe2 Kf6 62. c4 Ke6 
63. Kf2 Ke7 64. Kf3 Ke6 65. Ke3 Kf6 66. Kf2 Ke6 67. Ke3 Kf5 68. Kf3 Ke6 
69. Kg2 Kf5 70. Kf3 Ke6 1/2-1/2

[Event "Tuesday 17 April Rapid Engine Tour 12+1 Rounds 9 Starts 1600ST"]
[Site "Infinity Chess"]
[Date "2018.4.17"]
[Round "4"]
[White "HerzsjeMZ"]
[Black "Katzenmaier"]
[Result "1/2-1/2"]
[ECO "A10"]
[WhiteElo "2441"]
[BlackElo "2497"]
[WhiteEngine "S_XPrO.020418.64.POPCNT_CTG"]
[BlackEngine "Raubfisch X38a."]
[EventType "Swiss"]
[WhiteTeam ""]
[BlackTeam ""]
[PlyCount "161"]
[TimeControl "720+1"]

1. c4 f5 2. d4 Nf6 3. Nc3 e6 4. e3 b6 5. Bd3 Bb7 6. f3 c5 7. d5 exd5 
8. cxd5 Nxd5 9. Nxd5 Bxd5 10. Bxf5 Bb7 11. Ne2 g6 12. Bg4 Nc6 13. O-O Bg7 
14. Bh3 Qe7 15. Nc3 Rd8 16. Nd5 Qe5 17. Rb1 Ba6 18. Re1 Bc4 19. e4 Bxa2 
20. f4 Qd4+ 21. Be3 Qxd1 22. Rbxd1 Bb3 23. Rd2 Bd4 24. g3 O-O 25. Nc7 Bc4 
26. Bf1 Bxf1 27. Kxf1 Be5 28. Nb5 a6 29. Nd6 Na5 30. Ree2 Bxd6 31. Rxd6 Nc4 
32. Rd5 d6 33. b3 Na3 34. Bc1 Nb5 35. Bb2 Kf7 36. f5 Ke8 37. g4 Kd7 38. Rd3 Rde8 
39. Ke1 Rf7 40. Kd2 Kc6 41. Rh3 Rfe7 42. Rhe3 Nd4 43. Re1 gxf5 44. gxf5 Nb5 
45. Kd3 Nc7 46. Rg3 d5 47. e5 a5 48. Rf3 Rf7 49. Ref1 Ref8 50. Bc1 b5 
51. Bh6 Rg8 52. h4 c4+ 53. bxc4 dxc4+ 54. Kc2 Rg2+ 55. Kc1 Re2 56. e6 Nxe6 
57. fxe6 Rxf3 58. Rxf3 Re1+ 59. Kc2 Rxe6 60. Bg7 Re2+ 61. Kc3 Rg2 62. Rf6+ Kd5 
63. Rf5+ Ke6 64. Re5+ Kd6 65. Rxb5 Rxg7 66. Rxa5 Kc6 67. h5 Rg4 68. Ra7 h6 
69. Rh7 Kd5 70. Rxh6 Rg1 71. Ra6 Rg3+ 72. Kd2 c3+ 73. Kc2 Rg2+ 74. Kxc3 Rg3+ 
75. Kb4 Rh3 76. h6 Rh1 77. Rg6 Ke5 78. Kc5 Kf5 79. Rc6 Rc1+ 80. Kb5 Rxc6 
81. Kxc6 1/2-1/2

[Event "Tuesday 17 April Rapid Engine Tour 12+1 Rounds 9 Starts 1600ST"]
[Site "Infinity Chess"]
[Date "2018.4.17"]
[Round "4"]
[White "Thinker"]
[Black "angriff"]
[Result "1-0"]
[ECO "B90"]
[WhiteElo "2437"]
[BlackElo "2402"]
[WhiteEngine "BrainFish_180411_x64_modern_CTG"]
[BlackEngine "DracoREX 3.07 64BIT POPCNT_CTG"]
[EventType "Swiss"]
[WhiteTeam ""]
[BlackTeam ""]
[PlyCount "179"]
[TimeControl "720+1"]

1. e4 c5 2. Nf3 d6 3. d4 cxd4 4. Nxd4 Nf6 5. Nc3 a6 6. Be3 e5 7. Nb3 Be6 
8. h3 Be7 9. f4 O-O 10. Qf3 exf4 11. Bxf4 Nbd7 12. O-O-O Rc8 13. g4 h6 
14. Kb1 Re8 15. Be2 b5 16. Nd5 Bxd5 17. exd5 Ne5 18. Qg2 Nfd7 19. Nd4 Bf6 
20. Bc1 Ng6 21. Nc6 Qc7 22. Bd3 Nh4 23. Qg3 Bg5 24. Bf5 Ra8 25. Bd2 Ne5 
26. Ba5 Qb7 27. Be4 b4 28. Bd3 Nxc6 29. dxc6 Qxc6 30. Bxb4 d5 31. Rhe1 Reb8 
32. Bc3 Ng2 33. Qe5 Qf6 34. Re2 Nf4 35. Rf2 Nxd3 36. Rxd3 Qxe5 37. Bxe5 Re8 
38. Rxd5 f6 39. Bc3 Re3 40. Rh2 Rae8 41. Rh1 Bf4 42. a4 Kf7 43. Rd7+ Kg6 
44. Bd2 R3e4 45. Bxf4 Rxf4 46. b3 Rf3 47. Ra7 Re6 48. Rd1 Rxh3 49. Rdd7 Kg5 
50. Rxg7+ Kf4 51. Rac7 Rh4 52. Kb2 h5 53. gxh5 Rxh5 54. Rc4+ Kf5 55. b4 Rh6 
56. Rg1 Re4 57. Rc5+ Ke6 58. c3 Re2+ 59. Kb3 Rd2 60. Rc7 Rd7 61. Re1+ Kd6 
62. Rc5 Rhh7 63. Rf1 Rhf7 64. Ra5 Ra7 65. Raf5 Ke7 66. c4 Rf8 67. c5 Rd7 
68. b5 Rd3+ 69. Kc4 Re3 70. c6 Re2 71. Kb3 a5 72. b6 Re4 73. Rxa5 Re3+ 
74. Kc4 Re4+ 75. Kd3 Rb4 76. b7 Rd8+ 77. Kc3 Rb6 78. Rc5 Rh8 79. a5 Rxb7 
80. cxb7 Kd7 81. Rc8 Rxc8+ 82. bxc8=Q+ Kxc8 83. Rxf6 Kb7 84. Kc4 Kc8 85. Rf7 Kb8 
86. a6 Ka8 87. Rf8+ Ka7 88. Kc5 Kxa6 89. Rf7 Ka5 90. Ra7# 1-0

[Event "Tuesday 17 April Rapid Engine Tour 12+1 Rounds 9 Starts 1600ST"]
[Site "Infinity Chess"]
[Date "2018.4.17"]
[Round "4"]
[White "Mr Aj"]
[Black "star99"]
[Result "1-0"]
[ECO "A05"]
[WhiteElo "2437"]
[BlackElo "2444"]
[WhiteEngine "Houdini 6_CTG"]
[BlackEngine "Cryptic Heroes 9.4B"]
[EventType "Swiss"]
[WhiteTeam ""]
[BlackTeam ""]
[PlyCount "151"]
[TimeControl "720+1"]

1. Nf3 Nf6 2. d4 e6 3. c4 d5 4. Nc3 Bb4 5. e3 O-O 6. Qc2 b6 7. cxd5 exd5 
8. Be2 a6 9. O-O Bb7 10. Ne5 Bd6 11. f4 c5 12. g4 Nbd7 13. g5 Ne4 14. Nxe4 dxe4 
15. Bg4 f5 16. Be2 Kh8 17. Qb3 Nxe5 18. dxe5 Be7 19. Rd1 Qc7 20. Bd2 b5 
21. Bc3 c4 22. Qc2 Rfd8 23. Bd4 Qc8 24. h4 h6 25. Qc3 Qe6 26. Kf2 Rac8 
27. Rac1 Kh7 28. Qe1 g6 29. a4 Rh8 30. Bc3 Kg8 31. Kg2 hxg5 32. hxg5 Bc6 
33. Bb4 Be8 34. axb5 axb5 35. Ra1 Rh7 36. Bxe7 Qxe7 37. Rd6 Qc7 38. Qd2 Re7 
39. Raa6 Rg7 40. Kf2 Kh8 41. Re6 Kg8 42. Rad6 Kh7 43. Rf6 Qc5 44. Rd8 Rxd8 
45. Qxd8 Qe7 46. Qb8 Qd7 47. Rd6 Qe7 48. b3 c3 49. Rd1 c2 50. Rh1+ Kg8 
51. Bxb5 Rh7 52. Rc1 Kf7 53. e6+ Kf8 54. Bxe8 Qxe8 55. Qe5 Rh3 56. Kg2 Rh7 
57. Rxc2 Kg8 58. Kg3 Rg7 59. Qd4 Rh7 60. Ra2 Re7 61. Rh2 Rg7 62. Qd1 Rc7 
63. Qh1 Kf8 64. Qa1 Qxe6 65. Qa5 Rd7 66. Qa8+ Ke7 67. Qb8 Qd5 68. Rh7+ Ke6 
69. Qe8+ Kd6 70. Rxd7+ Kc6 71. Qc8+ Kb5 72. Rxd5+ Kb4 73. Qc4+ Ka3 74. b4 Kb2 
75. Rd2+ Ka1 76. Qf1# 1-0

[Event "Tuesday 17 April Rapid Engine Tour 12+1 Rounds 9 Starts 1600ST"]
[Site "Infinity Chess"]
[Date "2018.4.17"]
[Round "4"]
[White "Marsell"]
[Black "Longin"]
[Result "1/2-1/2"]
[ECO "C53"]
[WhiteElo "2455"]
[BlackElo "2465"]
[WhiteEngine "BrainFish_180408_x64_bmi2"]
[BlackEngine "Raubfisch ME262_GTZ17b_CTG"]
[EventType "Swiss"]
[WhiteTeam ""]
[BlackTeam ""]
[PlyCount "113"]
[TimeControl "720+1"]

1. e4 e5 2. Nf3 Nc6 3. Bc4 Bc5 4. c3 Nf6 5. d3 d6 6. O-O O-O 7. h3 a5 8. Nbd2 h6 
9. Re1 Be6 10. b3 Ba7 11. Nf1 d5 12. exd5 Nxd5 13. Bd2 Qf6 14. N1h2 Rad8 
15. Rc1 Nf4 16. Bxf4 Bxc4 17. bxc4 Qxf4 18. Qc2 f5 19. Rb1 e4 20. dxe4 Bxf2+ 
21. Kxf2 fxe4 22. Qxe4 Qxh2 23. Re2 Rf4 24. Rxb7 Rxe4 25. Nxh2 Rf4+ 26. Nf3 Rc8 
27. Ke3 Rxc4 28. Kd2 Rd8+ 29. Kc2 Rc5 30. a3 Nd4+ 31. Nxd4 Rxd4 32. g3 Kf7 
33. Ra7 Rd6 34. Ra8 Re6 35. Rf8+ Kxf8 36. Rxe6 h5 37. a4 Kf7 38. Re3 Rf5 
39. Kb3 Kf6 40. Kc4 c6 41. h4 g6 42. Rd3 Ke7 43. Re3+ Kd6 44. Rd3+ Kc7 
45. Re3 Kb6 46. Re6 g5 47. Kd4 gxh4 48. gxh4 Rf4+ 49. Re4 Rxe4+ 50. Kxe4 Kc5 
51. Ke5 Kc4 52. Kd6 c5 53. Kc6 Kb3 54. Kxc5 Kxa4 55. Kb6 Kb3 56. Kxa5 Kxc3 
57. Ka4 1/2-1/2

[Event "Tuesday 17 April Rapid Engine Tour 12+1 Rounds 9 Starts 1600ST"]
[Site "Infinity Chess"]
[Date "2018.4.17"]
[Round "4"]
[White "Seliga"]
[Black "RonWeasley"]
[Result "1/2-1/2"]
[ECO "E10"]
[WhiteElo "2487"]
[BlackElo "2467"]
[WhiteEngine "AsmFish@A12_CTG"]
[BlackEngine "BrainFish 090218_CTG"]
[EventType "Swiss"]
[WhiteTeam ""]
[BlackTeam ""]
[PlyCount "120"]
[TimeControl "720+1"]

1. d4 Nf6 2. c4 e6 3. Nf3 d5 4. Nc3 c6 5. e3 Nbd7 6. Be2 Bd6 7. Qc2 O-O 8. b3 e5 
9. cxd5 cxd5 10. Nb5 Bb4+ 11. Bd2 Bxd2+ 12. Nxd2 a6 13. dxe5 Nxe5 14. Nd4 Bg4 
15. Bxg4 Nfxg4 16. O-O Rc8 17. Qd1 Qd6 18. h3 Nf6 19. Rc1 Qd7 20. Nb1 Rxc1 
21. Qxc1 Rc8 22. Qb2 Ne4 23. Rd1 h5 24. f3 Ng3 25. Nc3 h4 26. Nce2 Nc6 
27. Nxg3 hxg3 28. Ne2 Qd6 29. Kh1 Nb4 30. Nd4 Qe5 31. Qd2 a5 32. Kg1 Re8 
33. Re1 g6 34. Kf1 Qf6 35. Rd1 Qa6+ 36. Ke1 Qb6 37. Ke2 a4 38. f4 Na6 
39. Nf3 axb3 40. axb3 Qxb3 41. Ne5 Rd8 42. Qd3 Qa2+ 43. Qd2 Qxd2+ 44. Rxd2 Nc5 
45. Rb2 d4 46. Nd3 Ne6 47. e4 Rd7 48. Rb4 Rc7 49. f5 gxf5 50. exf5 Ng7 
51. f6 Ne6 52. h4 Kh7 53. Ne5 Rc3 54. Kd2 Kg8 55. Rxb7 Nc5 56. Rxf7 Ne4+ 
57. Kd1 Nf2+ 58. Kd2 Ne4+ 59. Kd1 Nf2+ 60. Kd2 Ne4+ 1/2-1/2

[Event "Tuesday 17 April Rapid Engine Tour 12+1 Rounds 9 Starts 1600ST"]
[Site "Infinity Chess"]
[Date "2018.4.17"]
[Round "4"]
[White "Murx"]
[Black "OlivierEvan"]
[Result "1-0"]
[ECO "A58"]
[WhiteElo "2506"]
[BlackElo "2373"]
[WhiteEngine "asmFishW_2018-04-07_popcnt"]
[BlackEngine "Houdini 6"]
[EventType "Swiss"]
[WhiteTeam ""]
[BlackTeam ""]
[PlyCount "191"]
[TimeControl "720+1"]

1. d4 Nf6 2. c4 c5 3. d5 b5 4. cxb5 a6 5. bxa6 e6 6. Nc3 exd5 7. Nxd5 Be7 
8. Nxe7 Qxe7 9. e3 O-O 10. Bd3 Nc6 11. Ne2 Nb4 12. Bb1 Bxa6 13. O-O d5 
14. a3 Rfe8 15. Re1 Nc6 16. Ng3 g6 17. Bc2 h5 18. Ba4 Bb7 19. h3 Qe5 20. Bb5 Re7 
21. Rb1 Nd4 22. Bd3 Ne6 23. Bd2 Rd7 24. Qc1 h4 25. Nf1 Qd6 26. Nh2 Ne4 
27. Bxe4 dxe4 28. Bc3 f5 29. Rd1 Qe7 30. Rxd7 Qxd7 31. Qe1 Qd8 32. Rc1 Qg5 
33. Nf1 Rd8 34. b4 Rd3 35. Be5 Qe7 36. Ba1 Kf7 37. Rb1 Bd5 38. bxc5 Nxc5 
39. Rb8 Nd7 40. Rc8 Qxa3 41. Bd4 f4 42. Qe2 Be6 43. Qc2 Qa6 44. Rh8 Qc4 
45. Rh7+ Ke8 46. Qb1 Qb3 47. Qc1 Qc4 48. Qa1 Qa2 49. Qe1 Qa4 50. Qc1 Qc4 
51. Qa1 Qa2 52. Qe1 Qa4 53. Nd2 Bd5 54. Qc1 Qc6 55. Qb2 f3 56. Rh8+ Kf7 
57. Rh7+ Ke8 58. gxf3 exf3 59. Rh8+ Kf7 60. Rxh4 Ke6 61. Rh7 Qa4 62. Qb1 Be4 
63. Qc1 Bd5 64. Rg7 Be4 65. Bb2 Bf5 66. e4 Bxe4 67. Qe1 Rxd2 68. Qxd2 Qb5 
69. Rg8 Kf7 70. Rd8 Bf5 71. Qd4 Ke7 72. Rh8 Kf7 73. Qg7+ Ke6 74. Re8+ Kd6 
75. Qc3 Bd3 76. Ba3+ Kd5 77. Re7 Qb1+ 78. Bc1 Bf5 79. Re1 Qd3 80. Qa5+ Kc6 
81. Qa8+ Kc5 82. Be3+ Kd6 83. Bf4+ Kc5 84. Rc1+ Kd4 85. Qa4+ Kd5 86. Qc6+ Kd4 
87. Bh6 Qc2 88. Rxc2 Bxc2 89. Qxd7+ Kc5 90. Be3+ Kb4 91. Qd4+ Ka3 92. Qc3+ Ka4 
93. Qc4+ Ka5 94. Bc5 g5 95. Qb4+ Ka6 96. Qb6# 1-0

[Event "Tuesday 17 April Rapid Engine Tour 12+1 Rounds 9 Starts 1600ST"]
[Site "Infinity Chess"]
[Date "2018.4.17"]
[Round "4"]
[White "hafaba"]
[Black "CrapCleaner"]
[Result "1/2-1/2"]
[ECO "C50"]
[WhiteElo "2473"]
[BlackElo "2492"]
[WhiteEngine "Eman 1.70-beta21 64-bit POPCNT_CTG"]
[BlackEngine "Raubfisch X38b_CTG"]
[EventType "Swiss"]
[WhiteTeam ""]
[BlackTeam ""]
[PlyCount "262"]
[TimeControl "720+1"]

1. e4 e5 2. Nf3 Nc6 3. Bc4 Bc5 4. O-O Nf6 5. d3 d6 6. c3 a6 7. Bb3 O-O 
8. Nbd2 Ba7 9. h3 h6 10. Re1 Re8 11. Nf1 Be6 12. Bc2 d5 13. Qe2 b5 14. Bd2 Qd7 
15. Ng3 d4 16. a4 Bc5 17. Rec1 Qd6 18. Nh4 Ne7 19. Qe1 Bb6 20. Nf3 Nc6 
21. Rab1 Bd7 22. Qe2 Red8 23. Bb3 Re8 24. Nh4 dxc3 25. bxc3 Na5 26. Ba2 bxa4 
27. Ngf5 Qf8 28. c4 Nb3 29. Bxb3 axb3 30. Rxb3 Bc5 31. Ra1 Kh7 32. Ne3 Bd4 
33. Ra2 Reb8 34. Qd1 Rxb3 35. Qxb3 Rb8 36. Qc2 Rb6 37. Ba5 Rb7 38. Nf3 Qb8 
39. Nd5 c6 40. Nxf6+ gxf6 41. Kh2 Rb2 42. Rxb2 Bxb2 43. c5 Qb5 44. Bd8 Kg7 
45. Qd2 Be6 46. h4 a5 47. h5 Qb8 48. Bxa5 Bg4 49. Bb4 Bxf3 50. Qxb2 Bxh5 
51. Qd2 Bg4 52. Bc3 Be6 53. Qe3 Kh7 54. Qf3 Qd8 55. Kg1 Bc8 56. Bb2 Be6 
57. Bc1 Qh8 58. Qh5 Qg7 59. f3 Qg6 60. Qh2 h5 61. Kf1 Kg7 62. Kf2 Ba2 
63. Be3 Be6 64. Kg1 Bc8 65. Kf2 Be6 66. d4 exd4 67. Bxd4 Qg5 68. f4 Qg4 
69. Qg3 h4 70. Qe3 h3 71. gxh3 Qxh3 72. Qxh3 Bxh3 73. Bc3 Be6 74. Kf3 Bc4 
75. Bd4 Bd3 76. f5 Bc4 77. Ke3 Bb5 78. Bc3 Bf1 79. Bd2 Bg2 80. Be1 Bf1 
81. Kd4 Be2 82. Bc3 Bb5 83. Bd2 Kf8 84. Bf4 Bf1 85. Bb8 Kg7 86. Bf4 Bg2 
87. Bd6 Bf1 88. Bc7 Be2 89. Ke3 Bg4 90. Ba5 Kf8 91. Bd8 Kg7 92. Kd3 Bf3 
93. Ke3 Bg2 94. Kd4 Bf1 95. Ba5 Bb5 96. Bb4 Be2 97. Ke3 Bc4 98. Kd4 Bf1 
99. Ba5 Bg2 100. Be1 Bf1 101. Bb4 Be2 102. Bc3 Bf3 103. Kd3 Bg2 104. Be1 Bf1+ 
105. Kc2 Be2 106. Kc3 Ba6 107. Bd2 Be2 108. Bc1 Bb5 109. Bb2 Be2 110. Ba1 Bf3 
111. Kd3 Bd1 112. Kc3 Be2 113. Bb2 Bf1 114. Bc1 Be2 115. Bd2 Bb5 116. Bc1 Bf1 
117. Be3 Be2 118. Bf4 Bf1 119. Kd4 Be2 120. Bc1 Bf1 121. e5 Bh3 122. Ke4 Bg2+ 
123. Kf4 fxe5+ 124. Kxe5 f6+ 125. Ke6 Bd5+ 126. Ke7 Be4 127. Kd6 Kf7 
128. Bb2 Bb1 129. Kd7 Bc2 130. Kxc6 Bb1 131. Kd6 Bxf5 1/2-1/2